 Dungeon Crawl Stone Soup version 0.31-a0-38-g1548c4f2a5 (webtiles) character file.

Game seed: 11686563891423677363

193 frimble the Slasher (level 5, -7/40 (43) HPs)
             Began as a Gnoll Reaver on May 16, 2023.
             Mangled by a sleepcap (9 damage)
             ... on level 4 of the Dungeon.
             The game lasted 00:02:00 (2074 turns).

frimble the Slasher (Gnoll Reaver)                  Turns: 2074, Time: 00:02:01

HP:   -7/40 (43)    AC:  3    Str: 11    XL:     5   Next: 72%
MP:   12/12         EV:  2    Int: 15    God:
Gold: 108           SH:  0    Dex: 10    Spells: 13/14 levels left

rFire   . . .        a - +0 falchion
rCold   . . .        (no shield)
rNeg    . . .        b - +0 leather armour
rPois   .            (no helmet)
rElec   .            (no cloak)
rCorr   .            (no gloves)
SInv    .            (no boots)
Will    .....        (no amulet)
Stlth   +            (no ring)
HPRegen 0.26/turn    (no ring)
MPRegen 0.13/turn

%: no passive effects
@: sleeping, drained
A: fangs 1, strong nose, distributed training
a: no special abilities


You were on level 4 of the Dungeon.
You visited 1 branch of the dungeon, and saw 4 of its levels.

You collected 108 gold pieces.

Inventory:

Hand Weapons
 a - a +0 falchion (weapon)
Missiles
 k - a throwing net
Armour
 b - a +0 leather armour (worn)
Scrolls
 c - a scroll of fear
 d - 4 scrolls of teleportation
 l - 2 scrolls of identify
 n - a scroll of immolation {unknown}
 o - a scroll of blinking {unknown}
Potions
 e - a potion of attraction
 f - 2 potions of lignification {unknown}
 g - a potion of flight {unknown}
 h - a potion of magic {unknown}
 i - a potion of berserk rage {unknown}
 j - a potion of heal wounds {unknown}
 m - a potion of ambrosia {unknown}


   Skills:
 + Level 4.9 Fighting
 + Level 1.7 Short Blades
 + Level 6.7 Long Blades
 + Level 1.7 Axes
 + Level 1.7 Maces & Flails
 + Level 1.7 Polearms
 + Level 1.7 Staves
 + Level 1.7 Ranged Weapons
 + Level 1.7 Throwing
 + Level 1.7 Armour
 + Level 4.9 Dodging
 + Level 1.7 Stealth
 + Level 1.7 Shields
 + Level 1.7 Unarmed Combat
 + Level 5.2 Spellcasting
 + Level 5.6 Conjurations
 + Level 1.3 Hexes
 + Level 1.3 Summonings
 + Level 1.3 Necromancy
 + Level 1.3 Translocations
 + Level 1.3 Transmutations
 + Level 1.3 Fire Magic
 + Level 1.3 Ice Magic
 + Level 1.3 Air Magic
 + Level 1.3 Earth Magic
 + Level 1.3 Poison Magic
 + Level 1.9 Invocations
 + Level 1.7 Evocations


You had 13 spell levels left.
You knew the following spells:

 Your Spells              Type           Power      Damage    Failure   Level
a - Kiss of Death         Conj/Necr      56%        2d9       4%          1

Your spell library contained the following spells:

 Spells                   Type           Power      Damage    Failure   Level
 Momentum Strike          Conj/Tloc      28%        3d8       8%          2
 Beastly Appendage        Tmut           16%        N/A       12%         1
 Hailstorm                Conj/Ice       14%        3d5       16%         3
 Stone Arrow              Conj/Erth      28%        3d8       16%         3
 Wereblood                Tmut           8%         N/A       19%         2
 Confusing Touch          Hex            8%         N/A       34%         3
 Spider Form              Tmut/Pois      8%         N/A       34%         3
 Animate Armour           Summ/Erth      16%        N/A       75%         4
 Dispel Undead            Necr           8%         3d8       75%         4
 Lehudib's Crystal Spear  Conj/Erth      7%         10d3      100%        8


Dungeon Overview and Level Annotations

Branches:
Dungeon (4/15)
 Temple: D:4-7

Altars:

Annotations:
D:3 Grinder


Innate Abilities, Weirdness & Mutations

You have very sharp teeth.
Your uncanny sense of smell can sniff out nearby items.
Your experience applies equally to all skills.


Message History

The hound is almost dead.
The hound bites you.
You barely miss the hound.
The hound is almost dead.
The hound bites you but does no damage. The hound barely misses you.
You barely miss the hound. Your bite misses the hound.
The hound is almost dead.
The hound bites you but does no damage.
You hit the hound but do no damage.
The hound is almost dead.
The hound bites you.
You hit the hound.
You kill the hound!
You hit the sleepcap but do no damage.
You bite the sleepcap, but do no damage.
The sleepcap releases spores at you.
You are engulfed in a cloud of soporific spores!
You fall asleep.
The sleepcap releases spores at you!
You wake up.
* * * LOW HITPOINT WARNING * * *
You are engulfed in a cloud of soporific spores!
You are unaffected.
You hit the sleepcap but do no damage. The sleepcap releases spores at you.
* * * LOW HITPOINT WARNING * * *
You hit the sleepcap but do no damage. The sleepcap barely misses you.
You hit the sleepcap.
You bite the sleepcap, but do no damage.
The sleepcap is moderately damaged.
The sleepcap releases spores at you.
* * * LOW HITPOINT WARNING * * *
You are engulfed in a cloud of soporific spores!
You are unaffected.
You hit the sleepcap.
The sleepcap is moderately damaged.
The sleepcap releases spores at you.
* * * LOW HITPOINT WARNING * * *
You are engulfed in a cloud of soporific spores!
You fall asleep.
The sleepcap releases spores at you!
You die...

#######################
#.....f@..............#
♣....#################.#
?.......# #.## ...♣....#
#.#. ......... ######.#.
.♣.♣....♣ .........>
.....#.♣. ###...####
####.#. ♣ #..#+###
###......##


You could see a sleepcap.

Vanquished Creatures
  A scorpion (D:3)
  A hound (D:4)
  Natasha (twice) (D:3)
  An adder (D:3)
  2 worms (D:2)
  A dart slug (D:2)
  2 bats (D:1)
  2 endoplasms
  A giant cockroach (D:2)
  6 goblins
  2 hobgoblins
  4 jackals (D:3)
  3 quokkas
  3 ball pythons
  A frilled lizard (D:3)
  7 kobolds
  4 rats
43 creatures vanquished.

Notes
Turn   | Place    | Note
-------+----------+-------------------------------------------
     0 | D:1      | frimble the Gnoll Reaver began the quest for the Orb.
     0 | D:1      | Reached XP level 1. HP: 20/20 MP: 6/6
   345 | D:1      | Reached XP level 2. HP: 23/26 MP: 7/7
  1161 | D:2      | Reached skill level 5 in Spellcasting
  1161 | D:2      | Reached XP level 3. HP: 31/31 MP: 7/9
  1272 | D:2      | Reached skill level 1 in Invocations
  1439 | D:3      | Noticed Natasha
  1447 | D:3      | Killed Natasha
  1448 | D:3      | Reached skill level 1 in Short Blades
  1448 | D:3      | Reached skill level 1 in Axes
  1448 | D:3      | Reached skill level 1 in Maces & Flails
  1448 | D:3      | Reached skill level 1 in Polearms
  1448 | D:3      | Reached skill level 1 in Staves
  1448 | D:3      | Reached skill level 1 in Ranged Weapons
  1448 | D:3      | Reached skill level 1 in Throwing
  1448 | D:3      | Reached skill level 1 in Armour
  1448 | D:3      | Reached skill level 1 in Stealth
  1448 | D:3      | Reached skill level 1 in Shields
  1448 | D:3      | Reached skill level 1 in Unarmed Combat
  1448 | D:3      | Reached skill level 1 in Evocations
  1448 | D:3      | Reached XP level 4. HP: 20/38 MP: 9/11
  1448 | D:3      | Noticed Grinder
  1619 | D:3      | Reached skill level 1 in Hexes
  1619 | D:3      | Reached skill level 1 in Summonings
  1619 | D:3      | Reached skill level 1 in Necromancy
  1619 | D:3      | Reached skill level 1 in Translocations
  1619 | D:3      | Reached skill level 1 in Transmutations
  1619 | D:3      | Reached skill level 1 in Fire Magic
  1619 | D:3      | Reached skill level 1 in Ice Magic
  1619 | D:3      | Reached skill level 1 in Air Magic
  1619 | D:3      | Reached skill level 1 in Earth Magic
  1619 | D:3      | Reached skill level 1 in Poison Magic
  1710 | D:3      | Noticed a scorpion
  1717 | D:3      | Killed a scorpion
  1718 | D:3      | Reached XP level 5. HP: 31/43 MP: 10/12
  1801 | D:3      | Noticed Natasha
  1803 | D:3      | Killed Natasha
  2073 | D:4      | HP: 2/40 [sleepcap (2)]
  2074 | D:4      | Mangled by a sleepcap

Illustrated notes

Levels and vault maps discovered:
D:1:      matt_arrival_los_fun, layout_basic, st_stairs_8
D:2:      layout_rooms, roderic_serpentine_path
D:3:      layout_loops_ring, serial_shops, shop, gammafunk_ghost_grave,
          uniq_natasha, uniq_crazy_yiuf_cottage, uniq_robin, uniq_grinder
D:4:      layout_basic, nicolae_uskayaw_suspiria, serial_shops,
          nicolae_shop_tiny_waterfront, serial_forest,
          infiniplex_forest_straight_4, infiniplex_forest_fountain,
          infiniplex_forest_clump_double, infiniplex_forest_end_1,
          infiniplex_forest_straight_2, infiniplex_forest_lined_room_3,
          minmay_starry_boxes

Skill      XL: |  1  2  3  4 |
---------------+-------------+-----
Spellcasting   | 5 |  5.2
Invocations    | 1 |  1.9
Short Blades   | 1 |  1.7
Axes           | 1 |  1.7
Maces & Flails | 1 |  1.7
Polearms       | 1 |  1.7
Staves         | 1 |  1.7
Ranged Weapons | 1 |  1.7
Throwing       | 1 |  1.7
Armour         | 1 |  1.7
Stealth        | 1 |  1.7
Shields        | 1 |  1.7
Unarmed Combat | 1 |  1.7
Evocations     | 1 |  1.7
Hexes          | 1 |  1.3
Summonings     | 1 |  1.3
Necromancy     | 1 |  1.3
Translocations | 1 |  1.3
Transmutations | 1 |  1.3
Fire Magic     | 1 |  1.3
Ice Magic      | 1 |  1.3
Air Magic      | 1 |  1.3
Earth Magic    | 1 |  1.3
Poison Magic   | 1 |  1.3
Fighting       | |  4.9
Long Blades    | |  6.7
Dodging        | |  4.9
Conjurations   | |  5.6

Action                     |  1- 3 |  4- 6 || total
---------------------------+-------+-------++-------
  Melee: Falchion          |    92 |    62 ||   154
         Bite              |     8 |    10 ||    18
         Punch             |     3 |     2 ||     5
   Cast: Kiss of Death     |       |     2 ||     2
    Use: Scroll            |     3 |       ||     3
 Armour: Leather armour    |    20 |    15 ||    35
  Dodge: Dodged            |    53 |    41 ||    94

Table legend: (Time is in decaauts)
 A = Elapsed time spent in this place.
 B = Non-inter-level travel time spent in this place.
 C = Inter-level travel time spent in this place.
 D = Time resting spent in this place.
 E = Time spent auto-exploring this place.
 F = Levels seen in this place.
 G = Mean time per level.
                   A        B        C        D        E       F      G
               +--------+--------+--------+--------+--------+-----+--------+
         Total |   2069 |   1967 |    102 |      0 |   1616 |   4 |  517.2 |
       Dungeon |   2069 |   1967 |    102 |      0 |   1616 |   4 |  517.2 |
               +--------+--------+--------+--------+--------+-----+--------+

Top non-repeatable levels by time:
     D:1: 821 daAuts
     D:2: 685 daAuts
     D:3: 390 daAuts
     D:4: 173 daAuts
